 Dungeon Crawl Stone Soup version 0.25-b1-46-gb8a1ec05df (webtiles) character file.

Game seed: 14727512387085020675

269 gruber the Slinger (level 6, -1/39 HPs)
             Began as a Halfling Hunter on June 11, 2020.
             Slain by a wyvern (3 damage)
             ... on level 4 of the Dungeon.
             The game lasted 00:03:34 (2914 turns).

gruber the Slinger (Halfling Hunter)                Turns: 2914, Time: 00:03:34

Health: -1/39      AC:  4    Str: 15    XL:     6   Next: 46%
Magic:  6/6        EV: 14    Int:  9    God:
Gold:   153        SH:  0    Dex: 15    Spells: 5/5 levels left

rFire    . . .     SeeInvis .   a - +1 hunting sling
rCold    . . .     Gourm    .   (shield restricted)
rNeg     . . .     Faith    .   c - +0 leather armour
rPois    .         Spirit   .   (no helmet)
rElec    .         Reflect  .   q - +0 cloak
rCorr    .         Harm     .   (no gloves)
MR       .....     Rnd*Tele +   (no boots)
Stlth    ++........             (no amulet)
HPRegen  0.13/turn              i - ring of teleportation (curse)
MPRegen  0.10/turn              (no ring)

@: no status effects
A: small, mutation resistance 1
a: no special abilities


You were on level 4 of the Dungeon.
You were hungry.

You visited 1 branch of the dungeon, and saw 4 of its levels.

You collected 153 gold pieces.

Inventory:

Hand Weapons
 a - a +1 hunting sling (weapon)
 A - a +1 vampiric short sword
Missiles
 d - 10 sling bullets (quivered)
 e - 146 stones
Armour
 c - a +0 leather armour (worn)
 q - a +0 cloak (worn)
Jewellery
 i - a cursed ring of teleportation (left hand)
 l - an uncursed ring of stealth {unknown}
 v - an uncursed amulet of regeneration {unknown}
Scrolls
 h - 4 scrolls of teleportation {unknown}
 j - a scroll of amnesia {unknown}
 m - a scroll of blinking {unknown}
 o - a scroll of fear {unknown}
 p - a scroll of noise {unknown}
 r - 4 scrolls of enchant armour {unknown}
 x - 2 scrolls of identify {unknown}
 y - 2 scrolls of remove curse {unknown}
Potions
 b - a potion of brilliance {unknown}
 g - a potion of degeneration {unknown}
 k - a potion of magic {unknown}
 n - 2 potions of heal wounds {unknown}
 s - 2 potions of haste {unknown}
 t - a potion of curing {unknown}
 u - a potion of cancellation {unknown}
 z - a potion of berserk rage {unknown}
Comestibles
 f - 6 rations


   Skills:
 - Level 1.7 Fighting
 + Level 10.4 Slings
 - Level 2.1 Dodging
 - Level 1.1 Stealth


You had 5 spell levels left.
You didn't know any spells.
Your spell library contained the following spells:

 Spells                   Type           Power        Failure   Level  Hunger
 Magic Dart               Conj           #...         45%         1    ##.....
 Blink                    Tloc           N/A          58%         2    ###....
 Call Imp                 Summ           #.......     58%         2    ###....
 Slow                     Hex            #.......     58%         2    ###....
 Conjure Flame            Conj/Fire      #.......     83%         3    ####...
 Mephitic Cloud           Conj/Pois/Air  #.......     83%         3    ####...


Dungeon Overview and Level Annotations

Branches:
Dungeon (4/15)
 Temple: D:4-7

Altars:
Ashenzari
Cheibriados
Kikubaaqudgha
Yredelemnul


Innate Abilities, Weirdness & Mutations

You are small and have problems with some larger weapons.
You are somewhat resistant to further mutation.


Message History

The sling bullet hits the wyvern but does no damage.
The wyvern is heavily wounded.
The wyvern bites you!
Unknown command.
Firing (i - inventory. (/) - cycle)
d - 12 sling bullets (quivered)
Press: ? - help, Shift-Dir - straight line, f/p - wyvern
Aim: a wyvern (heavily wounded)
You shoot a sling bullet.
The sling bullet hits the wyvern but does no damage.
The wyvern is heavily wounded.
The wyvern bites you!
* * * LOW HITPOINT WARNING * * *
Unknown command.
Firing (i - inventory. (/) - cycle)
d - 11 sling bullets (quivered)
Press: ? - help, Shift-Dir - straight line, f/p - wyvern
Aim: a wyvern (heavily wounded)
You shoot a sling bullet.
The sling bullet barely misses the wyvern.
The adder completely misses you. The wyvern bites you.
You die...

#### #......#.....
##............
##......##....
###...##......#
#.............####
###.#.............
###..##.........
#...#..........
#...##.@.......
##..##Sl.......
#.####...##... ..
.(..# .. .. ....#
# ..(.## .....
#..((.


You could see a wyvern and an adder.

Vanquished Creatures
  An orc priest (D:3)
  A worker ant (D:2)
  8 gnolls
  2 adders
  2 oozes (D:3)
  2 worms
  4 dart slugs
  A leopard gecko (D:3)
  14 orcs (D:3)
  5 bats
  3 giant cockroaches
  10 goblins
  8 hobgoblins
  13 kobolds
  3 quokkas
  A ball python (D:2)
  3 frilled lizards
  6 rats
  A spectral orc (D:3)
88 creatures vanquished.

Notes
Turn   | Place    | Note
-------+----------+-------------------------------------------
     0 | D:1      | gruber the Halfling Hunter began the quest for the Orb.
     0 | D:1      | Reached XP level 1. HP: 14/14 MP: 1/1
    42 | D:1      | Reached skill level 6 in Slings
   101 | D:1      | Reached XP level 2. HP: 19/19 MP: 2/2
   653 | D:2      | Reached skill level 7 in Slings
   653 | D:2      | Reached XP level 3. HP: 20/24 MP: 3/3
   775 | D:2      | Reached XP level 4. HP: 29/29 MP: 4/4
   784 | D:2      | Reached skill level 8 in Slings
   938 | D:2      | Reached XP level 5. HP: 27/34 MP: 5/5
  1240 | D:2      | Reached skill level 9 in Slings
  1860 | D:3      | Found an ancient bone altar of Kikubaaqudgha.
  1977 | D:3      | Reached XP level 6. HP: 39/39 MP: 6/6
  2226 | D:3      | Reached skill level 10 in Slings
  2387 | D:3      | Found a shattered altar of Ashenzari.
  2568 | D:3      | Found a snail-covered altar of Cheibriados.
  2742 | D:3      | Found a basalt altar of Yredelemnul.
  2903 | D:4      | Noticed a wyvern
  2914 | D:4      | Slain by a wyvern

Illustrated notes

Levels and vault maps discovered:
D:1:      zaba_arrival_water, layout_basic
D:2:      layout_basic, supply_closet_lemuel
D:3:      minmay_evil_eye, layout_basic, nicolae_overflow_crystal_walls,
          kiku_gazebo_garden_becter, ashenzari_conservatory_becter,
          yredelemnul_forgotten_temple_becter,
          hangedman_abyss_or_decor_lesser_grid
D:4:      layout_cave_pools, gammafunk_ghost_nasty_kobolds

Skill      XL: |  1  2  3  4  5  6 |
---------------+-------------------+-----
Slings         | 6 7 8 9 10 | 10.4
Fighting       | |  1.7
Dodging        | |  2.1
Stealth        | |  1.1

Action                   |  1- 3 |  4- 6 || total
-------------------------+-------+-------++-------
 Fire: Hunting sling     |    61 |   234 ||   295
  Eat: Chunk             |       |     5 ||     5
Armor: Leather armour    |     2 |     9 ||    11
Dodge: Dodged            |    11 |    40 ||    51
